Map: Oxide LE

Players

Lambo - Winner!

  • Race: Zerg Zerg

KingCobra

  • Race: Protoss Protoss

Event: DreamHack SC2 Masters 2021 Winter

VOD

Have the link to the VOD?

Description

Time

  • Played on: Oct. 10, 2021, 2:32 p.m.
  • Length: 13:29

All games in this series

Show
View Real Time Build Order
Export as new Build Order

Lambo Zerg - Winner!

Build Orders: Pool First 

Get SALT Encoding   

  12  0:00  Drone  
  13  0:12  Overlord  
  13  0:17  Drone  
  14  0:30  Drone x2  
  14  0:35  Drone  
  17  0:43  Spawning Pool  
  17  0:47  Drone  
  17  1:06  Hatchery  
  17  1:10  Drone  
  17  1:12  Extractor  
  16  1:20  Drone  
  16  1:21  Drone  
  18  1:30  Queen  
  18  1:31  Zergling x2  
  21  1:39  Overlord  
  21  1:50  Drone  
  22  2:00  Drone  
  23  2:06  Queen  
  25  2:11  Drone  
  26  2:19  Hatchery  
  26  2:20  Drone  
  26  2:23  Drone  
  26  2:28  Metabolic Boost  
  27  2:31  Drone  
  27  2:37  Drone x2  
  30  2:45  Drone x2  
  30  2:47  Overlord  
  32  2:53  Queen  
  32  2:55  Zergling x2  
  35  3:00  Drone  
  36  3:09  Drone x3  
  36  3:10  Queen  
  41  3:14  Overlord  
  41  3:19  Drone x3  
  44  3:24  Overlord  
  45  3:34  Drone x2, Queen  
  45  3:37  Drone  
  45  3:40  Queen  
  51  3:43  Drone x2  
  51  3:45  Drone  
  51  3:48  Drone  
  55  3:53  Overlord  
  55  3:54  Overlord  
  55  3:57  Drone x2  
  55  4:02  Overlord  
  57  4:04  Spore Crawler  
  56  4:10  Drone x2  
  56  4:12  Drone x2  
  56  4:13  Drone  
  61  4:17  Overlord  
  61  4:18  Drone x3  
  61  4:23  Drone x3  
  67  4:28  Drone x2  
  67  4:30  Roach Warren  
  67  4:31  Lair  
  68  4:33  Drone x2  
  70  4:40  Queen, Extractor  
  70  4:43  Drone x3, Extractor  
  70  4:44  Drone  
  70  4:45  Drone  
  75  4:48  Overlord  
  75  4:50  Zergling x4  
  75  4:51  Overlord  
  77  4:56  Drone, Overlord  
  78  5:00  Drone x3  
  78  5:05  Drone  
  82  5:09  Overlord  
  82  5:10  Extractor  
  82  5:11  Extractor  
  82  5:12  Overlord  
  82  5:13  Drone x4  
  84  5:17  Queen  
  84  5:21  Overlord  
  86  5:22  Extractor  
  86  5:24  Overlord  
  86  5:27  Drone x3  
  90  5:28  Roach x2  
  90  5:29  Roach x3  
  97  5:38  Spire  
  97  5:40  Glial Reconstitution  
  96  5:43  Queen  
  96  5:44  Queen  
  96  5:48  Overlord  
  100  5:53  Zergling x6  
  100  5:56  Overlord  
  103  5:57  Hatchery  
  103  6:04  Queen  
  101  6:05  Drone x2  
  101  6:08  Spore Crawler  
  101  6:11  Drone x2  
  104  6:28  Drone x3  
  93  6:51  Corruptor x10  
  111  6:55  Queen x2  
  111  7:00  Corruptor  
  117  7:04  Drone x3, Queen  
  119  7:08  Corruptor  
  119  7:11  Drone x2  
  119  7:14  Zerg Flyer Armor Level 1  
  121  7:19  Corruptor  
  121  7:26  Hatchery  
  121  7:28  Drone  
  121  7:30  Corruptor  
  121  7:31  Evolution Chamber, Queen  
  121  7:32  Zergling x4  
  121  7:36  Overlord  
  126  7:39  Overlord  
  126  7:41  Roach x3  
  131  7:45  Roach x2  
  135  7:52  Corruptor x2  
  135  7:56  Drone x4  
  137  8:03  Corruptor  
  137  8:04  Corruptor  
  141  8:11  Corruptor x2  
  145  8:15  Corruptor  
  145  8:18  Drone, Queen  
  150  8:23  Corruptor  
  152  8:27  Zergling x6  
  153  8:36  Drone x5  
  153  8:38  Corruptor, Extractor  
  153  8:39  Extractor  
  158  8:46  Drone x8  
  166  8:51  Infestation Pit  
  166  8:52  Corruptor  
  166  8:54  Queen  
  169  9:04  Corruptor x3  
  169  9:06  Zergling x2  
  169  9:07  Zergling x2  
  169  9:08  Zerg Flyer Weapons Level 1  
  177  9:11  Drone  
  177  9:15  Hatchery  
  176  9:19  Ravager, Overlord  
  176  9:23  Corruptor x2  
  181  9:29  Roach  
  183  9:38  Overlord  
  183  9:43  Hive  
  182  9:54  Zerg Missile Weapons Level 1  
  182  9:58  Evolution Chamber  
  181  10:05  Corruptor x4  
  183  10:14  Drone x15  
  196  10:18  Drone  
  197  10:22  Spore Crawler  
  197  10:23  Spore Crawler  
  197  10:25  Overseer  
  195  10:29  Extractor  
  195  10:33  Extractor  
  195  10:35  Corruptor  
  195  10:47  Corruptor x2  
  199  10:59  Viper x2  
  199  11:02  Zerg Flyer Armor Level 2  
  195  11:10  Drone x4  
  193  11:15  Viper  
  196  11:20  Drone x3  
  196  11:22  Spore Crawler  
  196  11:24  Spore Crawler  
  197  11:25  Spore Crawler  
  197  11:26  Adrenal Glands, Spore Crawler x4  
  197  11:27  Spore Crawler x2, Zerg Melee Weapons Level 1  
  197  11:28  Ultralisk Cavern, Spore Crawler x2  
  197  11:29  Spore Crawler  
  197  11:30  Overseer, Spore Crawler x3  
  197  11:31  Pneumatized Carapace, Spore Crawler x2  
  197  11:32  Spore Crawler  
  180  11:34  Spore Crawler  
  180  11:38  Spore Crawler x2  
  180  11:39  Spore Crawler  
  176  11:41  Overseer  
  176  11:42  Corruptor x5, Spore Crawler x2  
  176  11:43  Spore Crawler  
  183  11:52  Zergling x16  
  191  11:54  Drone x2  
  191  11:57  Spire  
  191  11:58  Overseer  
  192  12:04  Overseer  
  192  12:11  Spore Crawler  
  192  12:15  Zergling x16  
  192  12:33  Corruptor x4  
  197  12:43  Corruptor x8  
  186  12:47  Corruptor x2  
  191  12:54  Corruptor  
  191  12:58  Corruptor  
Show
View Real Time Build Order
Export as new Build Order

KingCobra Protoss 

Build Orders: 1 Gate Expand, Carriers, Carrier Rush 

Get SALT Encoding   

  12  0:00  Probe  
  13  0:12  Probe  
  14  0:19  Pylon  
  14  0:24  Probe  
  15  0:38  Gateway  
  15  0:39  Probe (Chrono Boost)  
  16  0:48  Assimilator, Probe (Chrono Boost)  
  17  0:53  Probe (Chrono Boost)  
  18  1:05  Probe (Chrono Boost)  
  19  1:11  Assimilator  
  19  1:13  Probe (Chrono Boost)  
  20  1:19  Probe  
  21  1:28  Cybernetics Core  
  21  1:40  Nexus  
  23  1:53  Pylon  
  23  2:04  Stalker (Chrono Boost)  
  23  2:11  Probe  
  24  2:23  Gateway, Probe  
  24  2:28  Stargate  
  25  2:34  Warp Gate  
  25  2:35  Probe  
  26  2:41  Shield Battery  
  27  2:51  Probe (Chrono Boost)  
  27  2:52  Probe (Chrono Boost)  
  27  2:56  Assimilator  
  28  3:01  Probe (Chrono Boost)  
  28  3:03  Probe (Chrono Boost)  
  28  3:05  Void Ray  
  30  3:06  Probe (Chrono Boost)  
  36  3:17  Probe (Chrono Boost), Pylon  
  36  3:18  Probe (Chrono Boost)  
  37  3:24  Probe (Chrono Boost)  
  37  3:25  Probe (Chrono Boost)  
  39  3:33  Probe  
  40  3:36  Probe  
  41  3:44  Fleet Beacon  
  41  3:45  Probe  
  41  3:48  Probe  
  43  3:53  Stargate  
  43  3:55  Assimilator  
  43  3:57  Probe  
  44  4:03  Probe  
  44  4:05  Pylon  
  44  4:09  Probe  
  46  4:13  Protoss Air Weapons Level 1  
  46  4:16  Probe  
  47  4:21  Probe  
  48  4:29  Probe  
  48  4:30  Pylon  
  49  4:33  Probe  
  56  4:42  Zealot x2  
  56  4:45  Probe  
  61  4:46  Carrier (Chrono Boost), Probe  
  61  4:50  Carrier (Chrono Boost)  
  68  5:05  Pylon  
  68  5:11  Nexus  
  68  5:19  Pylon  
  68  5:24  Zealot x2  
  72  5:30  Forge  
  72  5:32  Probe x2  
  74  5:36  Shield Battery  
  74  5:44  Zealot x2  
  78  5:53  Stargate  
  84  6:06  Carrier (Chrono Boost)  
  84  6:20  Carrier (Chrono Boost)  
  86  6:34  Probe x2  
  86  6:35  Probe  
  89  6:41  Carrier (Chrono Boost)  
  89  6:43  Protoss Air Weapons Level 2 (Chrono Boost)  
  93  6:47  Pylon  
  93  6:52  Probe x2  
  93  6:56  Photon Cannon  
  93  6:58  Photon Cannon  
  93  7:00  Shield Battery  
  91  7:02  Assimilator, Probe  
  91  7:04  Void Ray (Chrono Boost), Probe  
  91  7:06  Assimilator  
  91  7:17  Zealot x2  
  91  7:21  Void Ray  
  95  7:23  Photon Cannon  
  95  7:26  Shield Battery  
  95  7:28  Probe x2  
  101  7:31  Flux Vanes  
  101  7:35  Probe  
  101  7:36  Void Ray (Chrono Boost)  
  102  7:40  Probe x2  
  102  7:47  Photon Cannon  
  97  8:01  Void Ray x2 (Chrono Boost), Probe x2  
  97  8:04  Pylon  
  103  8:11  Probe  
  103  8:12  Shield Battery  
  108  8:13  Probe  
  109  8:24  Pylon  
  115  8:27  Carrier (Chrono Boost)  
  115  8:28  Probe x2  
  117  8:37  Shield Battery  
  117  8:39  Shield Battery  
  117  8:42  Photon Cannon  
  117  8:45  Sentry x2  
  120  9:02  Void Ray  
  120  9:04  Nexus  
  120  9:05  Pylon  
  120  9:06  Protoss Air Weapons Level 3 (Chrono Boost)  
  123  9:21  Photon Cannon, Carrier (Chrono Boost)  
  123  9:23  Shield Battery  
  129  9:25  Stargate  
  129  9:27  Pylon  
  128  9:37  Pylon  
  128  9:38  Pylon  
  128  9:48  Photon Cannon  
  128  9:50  Photon Cannon  
  128  9:51  Shield Battery  
  128  9:53  Pylon  
  128  9:56  Pylon  
  140  10:04  Carrier x2 (Chrono Boost)  
  136  10:10  Carrier (Chrono Boost)  
  148  10:24  Carrier (Chrono Boost)  
  148  10:25  Pylon  
  148  10:26  Pylon  
  148  10:27  Pylon  
  156  11:01  Carrier (Chrono Boost)  
  156  11:07  Carrier (Chrono Boost)  
  156  11:09  Void Ray (Chrono Boost)  
  156  11:15  Photon Cannon  
  156  11:16  Photon Cannon  
  156  11:17  Shield Battery  
  164  11:18  Void Ray (Chrono Boost)  
  164  11:19  Robotics Facility  
  164  11:45  Void Ray (Chrono Boost)  
  164  11:46  Void Ray (Chrono Boost)  
  168  11:49  Void Ray (Chrono Boost)  
  168  11:51  Pylon  
  168  11:53  Pylon  
  176  11:54  Void Ray (Chrono Boost)  
  181  12:08  Observer  
  159  12:30  Void Ray x2  

Tags
 
Add a new tag
Caveats
  • Supply blocks, unpowered buildings, or Contaminate may cause inaccurate times.
  • Supply counts are checked every 10 seconds.